 Dungeon Crawl Stone Soup version 0.27-a0-1196-g3e9cee4cb2 (webtiles) character file.

Game seed: 13781561244856522957

409 EnegeticOcto the Stinger (level 6, -3/44 HPs)
             Began as a Gnoll Venom Mage on May 27, 2021.
             Was a Follower of the Shining One.
             Asphyxiated
             ... in a sewer.
             The game lasted 00:07:18 (731 turns).

EnegeticOcto the Stinger (Gnoll Venom Mage)          Turns: 731, Time: 00:07:19

Health: -3/44      AC:  2    Str:  8    XL:     6   Next: 89%
Magic:  2/14       EV: 17    Int: 16    God:    the Shining One [*.....]
Gold:   124        SH:  0    Dex: 12    Spells: 1/15 levels left

rFire    . . .     SeeInvis .   c - scroll of blinking {unknown}
rCold    . . .     Faith    .   (no shield)
rNeg     . . .     Spirit   .   a - +0 robe
rPois    .         Reflect  .   (no helmet)
rElec    .         Harm     .   (no cloak)
rCorr    .         Rampage  .   (no gloves)
Will     .....                  (no boots)
Stlth    +.........             (no amulet)
HPRegen  0.14/turn              d - +4 ring of evasion
MPRegen  0.14/turn              (no ring)

@: lethally poisoned (-3 -> -20), glowing, very slow
A: fangs 1, strong nose, distributed training
a: Renounce Religion


You were in a sewer.
You worshipped the Shining One.
The Shining One was aware of your devotion.
You visited 1 branch of the dungeon, and saw 5 of its levels.
You also visited: Sewer.

You collected 124 gold pieces.

Inventory:

Hand Weapons
 e - a +2 dagger of protection
   (You took it off a kobold on level 2 of the Dungeon)
 j - a +0 war axe
   (You found it on level 4 of the Dungeon)
 n - a +0 trident
   (You found it on level 4 of the Dungeon)
Missiles
 g - 15 poisoned darts
Armour
 a - a +0 robe (worn)
Jewellery
 d - a +4 ring of evasion (left hand)
   (You found it on level 2 of the Dungeon)
Scrolls
 c - a scroll of blinking (in hand) {unknown}
 f - a scroll of identify {@r1}
 h - a scroll of enchant armour {unknown}
 i - a scroll of holy word {unknown}
 k - a scroll of vulnerability {unknown}
 l - a scroll of enchant weapon
Potions
 b - 2 potions of curing {@q1 !q}
 m - 2 potions of lignification {@q6}
 o - a potion of resistance {unknown}
 p - 2 potions of heal wounds {unknown}
 q - a potion of might {unknown}
 r - a potion of flight {unknown}


   Skills:
 + Level 2.1 Fighting
 + Level 2.1 Short Blades
 + Level 2.1 Long Blades
 + Level 2.1 Axes
 + Level 2.1 Maces & Flails
 + Level 2.1 Polearms
 + Level 2.1 Staves
 + Level 2.1 Slings
 + Level 2.1 Bows
 + Level 2.1 Crossbows
 + Level 2.1 Throwing
 + Level 2.1 Armour
 + Level 5.1 Dodging
 + Level 4.7 Stealth
 + Level 2.1 Shields
 + Level 2.1 Unarmed Combat
 + Level 5.4 Spellcasting
 + Level 1.7 Conjurations
 + Level 1.7 Hexes
 + Level 1.7 Summonings
 + Level 1.7 Necromancy
 + Level 1.7 Translocations
 + Level 2.7 Transmutations
 + Level 1.7 Fire Magic
 + Level 1.7 Ice Magic
 + Level 1.7 Air Magic
 + Level 1.7 Earth Magic
 + Level 5.7 Poison Magic
 + Level 2.4 Invocations
 + Level 2.1 Evocations


You had one spell level left.
You knew the following spells:

 Your Spells              Type           Power      Damage    Failure   Level
a - Sting                 Tmut/Pois      72%        1d6       2%          1
b - Poisonous Vapours     Pois/Air       32%        N/A       4%          2
c - Olgreb's Toxic Radia  Pois           22%        N/A       14%         4
d - Ignite Poison         Fire/Tmut/Pois 15%        N/A       11%         3
e - Mephitic Cloud        Conj/Pois/Air  14%        N/A       12%         3
f - Foxfire               Conj/Fire      36%        2x1d5     7%          1

Your spell library contained the following spells:

 Spells                   Type           Power      Damage    Failure   Level
 Corona                   Hex            10%        N/A       7%          1
 Summon Small Mammal      Summ           36%        N/A       7%          1
 Conjure Flame            Conj/Fire      9%         6-21      22%         3
 Inner Flame              Hex/Fire       9%         N/A       22%         3
 Portal Projectile        Hex/Tloc       18%        N/A       22%         3
 Sticky Flame             Conj/Fire      9%         2d3       56%         4
 Fireball                 Conj/Fire      4%         3d4       89%         5


Dungeon Overview and Level Annotations

Branches:
Dungeon (5/15)              Sewer (1/1)
 Temple: D:4-7

Altars:
Trog
Wu Jian
The Shining One

Shops:
D:3 [   D:4 (


Innate Abilities, Weirdness & Mutations

You have very sharp teeth.
Your uncanny sense of smell can sniff out nearby items.
Your experience applies equally to all skills.


Message History

Press: ? - help, Shift-Dir - straight line, f/p - giant cockroach
Aim: a giant cockroach (haloed, 82% to hit)
The sting hits the giant cockroach.
The giant cockroach is poisoned.
You kill the giant cockroach!
Casting: Sting (safe; 2% risk of failure)
Confirm with . or Enter, or press ? or * to list all spells.
Aiming: Sting (safe; 2% risk of failure)
Press: ? - help, Shift-Dir - straight line, f - ball python
Aim: a ball python (haloed, 80% to hit)
The sting hits the ball python.
The ball python is poisoned.
The ball python is moderately wounded.
The ball python closely misses you. The ball python grabs you.
The ball python constricts you. The ball python completely misses you.
The ball python constricts you.
You escape the ball python's grasp.
The ball python bites you but does no damage.
The ball python closely misses you. The ball python misses you.
The ball python closely misses you. The ball python bites you.
The ball python misses you. The ball python bites you.
* * * LOW HITPOINT WARNING * * *
The ball python grabs you. The ball python constricts you.
The ball python closely misses you. The ball python constricts you.
Casting: Sting (safe; 2% risk of failure)
Confirm with . or Enter, or press ? or * to list all spells.
Aiming: Sting (safe; 2% risk of failure)
Press: ? - help, Shift-Dir - straight line, f/p - ball python
Aim: a ball python (severely wounded, constricting you, poisoned, haloed, 80% to hit)
The sting hits the ball python.
The ball python looks even sicker.
You kill the ball python!
You enter the shallow water.
Moving in this stuff is going to be slow.
You open the large door. 2 kobold brigands come into view.
A kobold brigand is wielding a +0 club and quivering curare-tipped darts.
A kobold brigand is wielding a +0 club and quivering poisoned darts.
The kobold brigand shouts! x2
The kobold brigand throws a poisoned dart.
The poisoned dart hits you!
You are poisoned.
Found a hand axe, a potion of curing and a ring mail.
Found a gate leading back out of this place.
Casting: Sting (safe; 2% risk of failure)
Confirm with . or Enter, or press ? or * to list all spells.
The spell is quite dangerous to cast (14% risk of failure)!
Continue anyway?
You begin to radiate toxic energy.
The kobold brigand is poisoned. x2
The kobold brigand looks even sicker.
You feel sick.
You close the large door.
Your toxic aura wanes.
You feel sick.
A kobold brigand opens the large door.
You feel sick. The kobold brigand misses you.
The kobold brigand closely misses you.
You feel sick.
Casting: Olgreb's Toxic Radiance (quite dangerous; 14% risk of failure)
Confirm with . or Enter, or press ? or * to list all spells.
Aiming: Poisonous Vapours (safe; 4% risk of failure)
Press: ? - help, Dir - move target, f - kobold brigand
Aim: a kobold brigand, wielding a +0 club and quivering poisoned darts (lightly wounded, very poisoned, haloed) Poisonous vapours surround the kobold brigand!
You feel sick.
The kobold brigand is engulfed in poison gas.
The kobold brigand looks even sicker.
The kobold brigand splashes around in the water.
Casting: Poisonous Vapours (safe; 4% risk of failure)
Confirm with . or Enter, or press ? or * to list all spells.
You ignite the poison in your surroundings!
The kobold brigand seems to burn from within!!
You kill the kobold brigand!
You hear a splash. x2
The kobold brigand seems to burn from within!!
The kobold brigand is severely wounded.
You feel sick.
You are no longer poisoned.
The kobold brigand throws a curare-tipped dart.
The curare-tipped dart closely misses you.
Casting: Ignite Poison (dangerous; 11% risk of failure)
Confirm with . or Enter, or press ? or * to list all spells.
Aiming: Poisonous Vapours (safe; 4% risk of failure)
Press: ? - help, Dir - move target, f - kobold brigand
Aim: a kobold brigand, wielding a +0 club and quivering curare-tipped darts (severely wounded, haloed) Poisonous vapours surround the kobold brigand!
The kobold brigand is engulfed in poison gas.
The kobold brigand is poisoned.
Casting: Poisonous Vapours (safe; 4% risk of failure)
Confirm with . or Enter, or press ? or * to list all spells.
Aiming: Sting (safe; 2% risk of failure)
Press: ? - help, Shift-Dir - straight line, f/p - kobold brigand
Aim: a kobold brigand, wielding a +0 club and quivering curare-tipped darts (almost dead, poisoned, haloed, 77% to hit)
The sting hits the kobold brigand.
The kobold brigand looks even sicker.
The kobold brigand is almost dead.
The kobold brigand hits you with a +0 club.
* * * LOW HITPOINT WARNING * * *
The kobold brigand throws a curare-tipped dart.
The curare-tipped dart barely misses you.
The kobold brigand throws a curare-tipped dart.
The curare-tipped dart completely misses you.
The kobold brigand throws a curare-tipped dart.
The curare-tipped dart hits you.
You are lethally poisoned!
You have difficulty breathing.
You die...

#...#.......
##########...#.......
######......##............
#..[!#....................
#....'≈≈.≈.......≈≈≈P.P...
#.∩.)'≈≈≈≈...≈≈≈P≈≈≈≈≈≈≈≈.
#....#)P≈≈...P≈P≈≈≈≈P≈≈≈≈.
######K##########††≈≈#####
#≈≈≈≈≈@≈≈≈≈≈≈≈†≈≈≈≈≈≈≈≈
#≈≈≈≈≈≈≈≈≈≈≈≈≈≈≈≈≈≈≈≈≈≈
#≈≈≈≈≈≈≈≈≈≈≈≈≈≈≈≈≈≈≈≈≈≈
##############≈#######≈#≈#
#....#≈≈≈.P≈P≈≈≈≈≈..P≈≈P≈≈
#.∩.))≈≈....≈≈≈≈≈≈...≈≈≈≈≈
#...)')≈≈...P≈≈.......≈.P.
#....#............†.......
#######...........†......†


You could see a kobold brigand (very poisoned).

Vanquished Creatures
  Menkaure (D:4)
  2 kobold brigands (Sewer)
  A scorpion (D:4)
  An orc wizard (D:4)
  3 dart slugs
  8 orcs
  5 ball pythons
  4 bats
  4 giant cockroaches
  A goblin (D:2)
  A hobgoblin (D:1)
  2 quokkas (D:2)
  3 frilled lizards
  10 kobolds
  3 rats
49 creatures vanquished.

Vanquished Creatures (others)
  13 foxfires (D:4)
13 creatures vanquished.

Grand Total: 62 creatures vanquished

Notes
Turn   | Place    | Note
-------+----------+-------------------------------------------
     0 | D:1      | EnegeticOcto the Gnoll Venom Mage began the quest for the
                  | Orb.
     0 | D:1      | Reached XP level 1. HP: 13/13 MP: 6/6
    58 | D:1      | Reached skill level 2 in Transmutations
   114 | D:2      | Reached XP level 2. HP: 19/19 MP: 2/7
   199 | D:2      | Found a faded altar of an unknown god.
   209 | D:2      | Became a worshipper of the Shining One
   209 | D:2      | Reached * piety under the Shining One
   262 | D:3      | Learned a level 2 spell: Poisonous Vapours
   282 | D:3      | Found a bloodstained altar of Trog.
   282 | D:3      | Found a glowing golden altar of the Shining One.
   293 | D:3      | Found Umusk's Armour Emporium.
   316 | D:4      | Found an ornate altar of the Wu Jian Council.
   316 | D:4      | Noticed a scorpion
   324 | D:4      | Killed a scorpion
   325 | D:4      | Reached skill level 1 in Fighting
   325 | D:4      | Reached skill level 1 in Short Blades
   325 | D:4      | Reached skill level 1 in Long Blades
   325 | D:4      | Reached skill level 1 in Axes
   325 | D:4      | Reached skill level 1 in Maces & Flails
   325 | D:4      | Reached skill level 1 in Polearms
   325 | D:4      | Reached skill level 1 in Staves
   325 | D:4      | Reached skill level 1 in Slings
   325 | D:4      | Reached skill level 1 in Bows
   325 | D:4      | Reached skill level 1 in Crossbows
   325 | D:4      | Reached skill level 1 in Throwing
   325 | D:4      | Reached skill level 1 in Armour
   325 | D:4      | Reached skill level 1 in Shields
   325 | D:4      | Reached skill level 1 in Unarmed Combat
   325 | D:4      | Reached skill level 5 in Spellcasting
   325 | D:4      | Reached skill level 1 in Invocations
   325 | D:4      | Reached skill level 1 in Evocations
   325 | D:4      | Reached XP level 3. HP: 24/26 MP: 3/9
   325 | D:4      | Reached XP level 4. HP: 30/32 MP: 3/11
   369 | D:4      | Reached skill level 1 in Conjurations
   369 | D:4      | Reached skill level 1 in Hexes
   369 | D:4      | Reached skill level 1 in Summonings
   369 | D:4      | Reached skill level 1 in Necromancy
   369 | D:4      | Reached skill level 1 in Translocations
   369 | D:4      | Reached skill level 1 in Fire Magic
   369 | D:4      | Reached skill level 1 in Ice Magic
   369 | D:4      | Reached skill level 1 in Air Magic
   369 | D:4      | Reached skill level 1 in Earth Magic
   380 | D:4      | Learned a level 4 spell: Olgreb's Toxic Radiance
   384 | D:4      | Learned a level 3 spell: Ignite Poison
   388 | D:4      | Learned a level 3 spell: Mephitic Cloud
   388 | D:4      | Found Masigar's Weapon Shoppe.
   447 | D:4      | Reached XP level 5. HP: 33/37 MP: 6/12
   480 | D:4      | Noticed Menkaure
   488 | D:4      | Learned a level 1 spell: Foxfire
   497 | D:4      | Killed Menkaure
   498 | D:4      | Reached skill level 2 in Invocations
   498 | D:4      | Reached XP level 6. HP: 15/44 MP: 4/13
   515 | D:4      | Identified Seekuh's Compendium of Bewitching Calling
   555 | D:5      | Entered Level 5 of the Dungeon
   559 | D:5      | Found a glowing drain.
   571 | Sewer    | Entered a sewer
   652 | Sewer    | HP: 1/66 [kobold brigand/+0 club (4)]
   656 | Sewer    | Reached skill level 2 in Fighting
   656 | Sewer    | Reached skill level 2 in Short Blades
   656 | Sewer    | Reached skill level 2 in Long Blades
   656 | Sewer    | Reached skill level 2 in Axes
   656 | Sewer    | Reached skill level 2 in Maces & Flails
   656 | Sewer    | Reached skill level 2 in Polearms
   656 | Sewer    | Reached skill level 2 in Staves
   656 | Sewer    | Reached skill level 2 in Slings
   656 | Sewer    | Reached skill level 2 in Bows
   656 | Sewer    | Reached skill level 2 in Crossbows
   656 | Sewer    | Reached skill level 2 in Throwing
   656 | Sewer    | Reached skill level 2 in Armour
   656 | Sewer    | Reached skill level 5 in Dodging
   656 | Sewer    | Reached skill level 2 in Shields
   656 | Sewer    | Reached skill level 2 in Unarmed Combat
   656 | Sewer    | Reached skill level 2 in Evocations
   728 | Sewer    | HP: 1/44 [kobold brigand/+0 club (6)]
   731 | Sewer    | Asphyxiated

Illustrated notes

Levels and vault maps discovered:
D:1:      onia_arrival_pentagram, layout_basic
D:2:      layout_rooms, basic_altar, hellmonk_ecumenical_altar_prayer_group,
          ebering_dispersal_statue_hall
D:3:      layout_basic, chequers_temple_overflow_statue_of_worship,
          serial_shops, shop
D:4:      kennysheep_spiral_hall, layout_basic, lemuel_crystal_altar,
          serial_shops, nicolae_shop_trees, uniq_menkaure
D:5:      minmay_recursive_quarters, layout_basic, cheibrodos_sewer_entry_drain
Sewer:    kennysheep_pipe_town

Skill      XL: |  1  2  3  4  5  6 |
---------------+-------------------+-----
Transmutations | 2 |  2.7
Fighting       | 1 2 |  2.1
Short Blades   | 1 2 |  2.1
Long Blades    | 1 2 |  2.1
Axes           | 1 2 |  2.1
Maces & Flails | 1 2 |  2.1
Polearms       | 1 2 |  2.1
Staves         | 1 2 |  2.1
Slings         | 1 2 |  2.1
Bows           | 1 2 |  2.1
Crossbows      | 1 2 |  2.1
Throwing       | 1 2 |  2.1
Armour         | 1 2 |  2.1
Shields        | 1 2 |  2.1
Unarmed Combat | 1 2 |  2.1
Spellcasting   | 5 |  5.4
Invocations    | 1 2 |  2.4
Evocations     | 1 2 |  2.1
Conjurations   | 1 |  1.7
Hexes          | 1 |  1.7
Summonings     | 1 |  1.7
Necromancy     | 1 |  1.7
Translocations | 1 |  1.7
Fire Magic     | 1 |  1.7
Ice Magic      | 1 |  1.7
Air Magic      | 1 |  1.7
Earth Magic    | 1 |  1.7
Dodging        | 5 |  5.1
Stealth        | |  4.7
Poison Magic   | |  5.7

Action                   |  1- 3 |  4- 6 || total
-------------------------+-------+-------++-------
Melee: Dagger            |    11 |    38 ||    49
       Bite              |       |     2 ||     2
 Cast: Sting             |    21 |    23 ||    44
       Poisonous Vapours |     1 |     3 ||     4
       Olgreb's Toxic Ra |       |     3 ||     3
       Foxfire           |       |     7 ||     7
       Ignite Poison     |       |     1 ||     1
  Use: Potion            |       |     2 ||     2
       Scroll            |       |     1 ||     1
Armor: Robe              |     3 |     5 ||     8
       Skin              |       |     1 ||     1
Dodge: Dodged            |    20 |    40 ||    60

Table legend: (Time is in decaauts)
 A = Elapsed time spent in this place.
 B = Non-inter-level travel time spent in this place.
 C = Inter-level travel time spent in this place.
 D = Time resting spent in this place.
 E = Time spent auto-exploring this place.
 F = Levels seen in this place.
 G = Mean time per level.
                   A        B        C        D        E       F      G
               +--------+--------+--------+--------+--------+-----+--------+
         Total |    759 |    757 |      2 |      0 |      0 |   6 |  126.5 |
       Dungeon |    568 |    566 |      2 |      0 |      0 |   5 |  113.6 |
         Sewer |    190 |    190 |      0 |      0 |      0 |   1 |  190.0 |
               +--------+--------+--------+--------+--------+-----+--------+

Top non-repeatable levels by time:
     D:4: 237 daAuts
   Sewer: 190 daAuts
     D:2: 136 daAuts
     D:1: 105 daAuts
     D:3: 72 daAuts
     D:5: 17 daAuts
